Map: 2000 Atmospheres LE

Players

Astrea - Winner!

  • Race: Protoss Protoss

MaSa

  • Race: Terran Terran

Event: DreamHack SC2 Masters 2021 Winter

VOD

Have the link to the VOD?

Description

Time

  • Played on: Oct. 9, 2021, 5:56 p.m.
  • Length: 13:38

All games in this series

Show
View Real Time Build Order
Export as new Build Order

Astrea Protoss - Winner!

Build Orders:  

Get SALT Encoding   

  12  0:00  Probe  
  13  0:12  Probe  
  14  0:17  Pylon  
  14  0:24  Probe (Chrono Boost)  
  16  0:36  Probe (Chrono Boost)  
  16  0:38  Gateway  
  16  0:43  Probe (Chrono Boost)  
  16  0:47  Assimilator  
  17  0:51  Probe  
  18  1:03  Probe  
  19  1:15  Probe  
  20  1:25  Cybernetics Core  
  20  1:27  Probe  
  21  1:39  Probe  
  22  1:41  Pylon  
  22  1:42  Assimilator  
  22  1:51  Probe (Chrono Boost)  
  23  2:03  Probe (Chrono Boost)  
  23  2:05  Warp Gate  
  24  2:12  Probe (Chrono Boost)  
  25  2:18  Nexus, Probe  
  26  2:28  Sentry (Chrono Boost)  
  28  2:30  Probe  
  28  2:33  Pylon  
  29  2:42  Probe  
  30  2:45  Gateway  
  30  2:46  Gateway  
  30  2:54  Probe  
  30  2:56  Stalker (Chrono Boost)  
  33  3:06  Probe  
  34  3:18  Probe  
  32  3:21  Stalker (Chrono Boost)  
  32  3:32  Probe (Chrono Boost)  
  32  3:33  Probe (Chrono Boost)  
  34  3:45  Probe (Chrono Boost)  
  34  3:48  Robotics Facility, Probe (Chrono Boost)  
  36  3:50  Probe (Chrono Boost)  
  36  3:53  Sentry  
  36  3:54  Probe  
  40  3:59  Probe  
  41  4:06  Probe  
  42  4:11  Probe  
  42  4:13  Sentry  
  42  4:14  Phoenix  
  45  4:19  Probe  
  45  4:23  Probe  
  47  4:31  Probe  
  48  4:35  Probe  
  48  4:36  Nexus  
  48  4:37  Pylon  
  49  4:39  Sentry  
  49  4:41  Observer (Chrono Boost)  
  49  4:42  Pylon  
  49  4:43  Probe  
  53  4:47  Probe  
  54  4:55  Probe  
  54  4:57  Assimilator  
  54  4:58  Shield Battery  
  54  4:59  Immortal (Chrono Boost), Probe  
  56  5:04  Stalker  
  56  5:05  Zealot  
  64  5:07  Probe  
  64  5:12  Probe  
  64  5:13  Assimilator  
  66  5:19  Probe (Chrono Boost), Pylon  
  67  5:22  Forge  
  67  5:23  Observer  
  67  5:24  Robotics Bay  
  67  5:26  Phoenix  
  68  5:29  Probe (Chrono Boost)  
  68  5:31  Probe (Chrono Boost)  
  68  5:33  Observer  
  70  5:37  Probe (Chrono Boost)  
  70  5:39  Probe (Chrono Boost)  
  70  5:41  Twilight Council  
  72  5:48  Probe (Chrono Boost)  
  75  5:50  Probe (Chrono Boost)  
  75  5:55  Probe (Chrono Boost), Protoss Ground Weapons Level 1  
  76  5:58  Probe (Chrono Boost)  
  76  6:00  Probe (Chrono Boost)  
  76  6:02  Probe (Chrono Boost)  
  76  6:03  Probe (Chrono Boost), Pylon  
  78  6:08  Zealot  
  78  6:10  Probe  
  82  6:12  Colossus (Chrono Boost)  
  82  6:14  Probe x2  
  82  6:15  Assimilator  
  82  6:18  Assimilator  
  90  6:20  Pylon  
  90  6:21  Pylon  
  90  6:23  Probe  
  90  6:25  Blink (Chrono Boost)  
  90  6:29  Probe x2  
  92  6:37  Observer  
  92  6:38  Shield Battery  
  92  6:39  Stalker x3, Pylon  
  98  6:44  Observer  
  98  6:48  Probe  
  98  6:49  Probe  
  98  6:50  Photon Cannon  
  98  6:53  Gateway x2  
  100  6:56  Gateway  
  100  7:01  Colossus (Chrono Boost), Pylon  
  106  7:11  Dark Shrine  
  106  7:13  Gateway  
  106  7:14  Gateway, Extended Thermal Lance  
  106  7:20  Zealot x2  
  104  7:28  Stalker  
  102  7:33  Phoenix, Probe x2  
  103  7:38  Colossus (Chrono Boost)  
  105  7:45  Probe x2, Pylon x2  
  107  7:51  Stalker x2  
  107  7:53  Stalker  
  113  8:02  Stalker  
  113  8:11  Protoss Ground Weapons Level 2 (Chrono Boost)  
  113  8:12  Zealot, Pylon  
  113  8:13  Zealot x3, Pylon  
  113  8:17  Charge (Chrono Boost)  
  119  8:20  Zealot x2  
  119  8:24  Dark Templar  
  119  8:30  Disruptor  
  119  8:31  Dark Templar  
  120  8:45  Zealot x2  
  120  8:48  Nexus  
  116  8:53  Dark Templar  
  116  9:05  Dark Templar  
  116  9:07  Dark Templar x2, Pylon  
  116  9:25  Disruptor (Chrono Boost)  
  116  9:26  Zealot x5  
  116  9:39  Dark Templar  
  116  9:44  Dark Templar  
  116  9:45  Zealot  
  120  10:02  Observer  
  120  10:11  Probe x2  
  120  10:12  Zealot x2  
  120  10:13  Zealot x3, Assimilator x2  
  132  10:18  Zealot x3, Pylon  
  138  10:24  Shield Battery  
  138  10:28  Warp Prism (Chrono Boost)  
  138  10:35  Shadow Stride  
  140  10:37  Protoss Ground Armor Level 1  
  140  10:39  Observer  
  140  10:44  Zealot, Dark Templar x2  
  140  10:45  Zealot x3  
  152  10:53  Zealot x2, Archon  
  152  11:13  Zealot x5  
  152  11:14  Zealot  
  164  11:24  Dark Templar  
  164  11:27  Pylon  
  164  11:29  Pylon  
  164  11:30  Archon  
  164  11:31  Pylon  
  162  11:39  Zealot  
  164  11:47  Nexus  
  162  11:52  Zealot x6  
  164  12:08  Warp Prism (Chrono Boost)  
  159  12:13  Probe x2  
  159  12:14  Probe  
  164  12:19  Stalker x5  
  164  12:20  Stalker x2  
  178  12:25  Probe  
  178  12:27  Probe x2  
  181  12:38  Pylon x2  
  181  12:40  Pylon  
  181  12:52  Forge  
  181  12:56  Probe x3  
  178  13:08  Dark Templar x6  
Show
View Real Time Build Order
Export as new Build Order

MaSa Terran 

Build Orders:  

Get SALT Encoding   

  12  0:00  SCV  
  13  0:12  SCV  
  14  0:16  Supply Depot  
  14  0:24  SCV  
  15  0:38  SCV  
  15  0:39  Barracks  
  16  0:45  Refinery  
  16  0:50  SCV  
  17  1:02  Engineering Bay  
  17  1:03  SCV  
  18  1:15  SCV  
  19  1:29  Barracks Reactor, Orbital Command  
  19  1:51  Supply Depot  
  19  1:56  SCV  
  20  2:05  Reaper x2  
  22  2:08  SCV  
  23  2:16  Command Center  
  23  2:20  SCV  
  23  2:21  Refinery  
  24  2:31  Barracks  
  24  2:33  SCV  
  25  2:40  Barracks  
  25  2:44  Marine  
  25  2:45  Marine  
  27  2:51  Supply Depot  
  27  2:53  SCV  
  28  3:03  Marine  
  28  3:04  Marine  
  28  3:05  SCV  
  31  3:17  SCV  
  32  3:21  Marine  
  32  3:22  Marine  
  33  3:29  SCV  
  36  3:35  Barracks Tech Lab x2, Orbital Command  
  36  3:39  Engineering Bay  
  33  3:42  Marine  
  33  3:44  Marine  
  33  3:48  SCV  
  36  3:54  Marine x2  
  38  3:58  Stimpack  
  38  4:01  SCV, Orbital Command  
  39  4:05  Marine x2  
  41  4:10  Terran Infantry Weapons Level 1  
  41  4:13  Combat Shield  
  41  4:17  SCV  
  41  4:18  Marine  
  43  4:27  Marine x2  
  45  4:34  Factory, SCV x2  
  47  4:38  Marauder  
  47  4:45  Supply Depot  
  47  4:46  SCV  
  47  4:50  Marine x2  
  47  4:51  Marauder  
  51  4:55  Supply Depot  
  51  4:58  SCV  
  52  5:01  Marauder  
  52  5:06  SCV  
  52  5:07  Supply Depot  
  55  5:17  Marauder, Marine x2  
  55  5:19  Factory Reactor  
  55  5:21  Starport, SCV  
  60  5:23  SCV  
  61  5:29  Supply Depot  
  61  5:33  SCV  
  61  5:34  Marauder  
  64  5:35  SCV  
  64  5:36  Concussive Shells  
  64  5:38  Marauder  
  64  5:39  Marine  
  68  5:43  Refinery, Marine  
  68  5:47  SCV  
  70  5:51  SCV  
  70  5:57  Barracks  
  70  5:58  Barracks  
  70  5:59  SCV  
  70  6:00  Marauder, Marine  
  70  6:02  Factory Tech Lab  
  70  6:03  Medivac  
  76  6:06  Medivac  
  76  6:09  Terran Infantry Armor Level 1  
  76  6:10  SCV  
  79  6:13  Supply Depot  
  79  6:18  Marine  
  80  6:19  Marauder  
  80  6:23  SCV  
  80  6:24  SCV  
  83  6:27  Siege Tank  
  86  6:35  SCV  
  86  6:36  SCV  
  86  6:37  Refinery  
  86  6:39  Supply Depot  
  88  6:48  Marauder x2, Barracks Reactor, Barracks Tech Lab  
  92  6:55  Medivac  
  92  6:56  Supply Depot  
  94  7:03  Marine x2  
  94  7:05  SCV  
  97  7:09  Supply Depot  
  97  7:10  Marauder  
  97  7:11  SCV  
  97  7:13  Siege Tank  
  97  7:15  Marine  
  98  7:25  SCV  
  98  7:28  Marine x2  
  98  7:29  Marauder  
  99  7:33  Medivac  
  98  7:40  SCV  
  98  7:43  Marine  
  98  7:44  Marauder x2  
  101  7:45  Siege Tank  
  101  7:48  Medivac  
  102  7:55  Marine x2  
  102  7:56  Marauder  
  106  8:05  Marauder x2  
  110  8:06  Medivac  
  110  8:12  Marine  
  113  8:17  Marauder  
  112  8:25  Marine x3  
  112  8:26  Marauder  
  113  8:36  Siege Tank  
  113  8:39  Marauder, Marine  
  93  8:50  Marine x3  
  93  8:51  Marauder, Marine  
  86  9:06  Marauder, Marine  
  86  9:08  Marine  
  86  9:09  Missile Turret  
  79  9:24  SCV x2  
  79  9:38  Marauder, Medivac x2, Marine x2  
  84  9:42  Marauder  
  85  9:50  SCV x2  
  84  9:56  Marauder  
  80  10:03  Missile Turret  
  80  10:07  SCV  
  81  10:20  Marauder, Marine  
  84  10:24  Viking  
  86  10:31  Viking  
  86  10:34  Marine  
  89  10:40  Marauder  
  91  10:46  Siege Tank  
  94  10:58  Viking  
  94  11:00  Marauder  
  98  11:05  Marine  
  98  11:06  Marauder  
  100  11:16  SCV  
  100  11:17  SCV  
  102  11:19  Liberator  
  102  11:25  Marauder  
  107  11:29  SCV  
  108  11:36  Marine  
  108  11:37  Marauder  
  111  11:46  Marauder, Marine  
  107  11:54  Marine  
  107  11:55  Marauder  
  102  12:04  Liberator  
  93  12:09  Marine  
  93  12:10  Marauder  
  93  12:12  Marine  
  93  12:14  SCV  
  98  12:29  Marauder x2, Marine x2  
  104  12:30  SCV  
  104  12:37  Siege Tank  
  108  12:40  Marauder  
  110  12:49  Liberator  
  113  12:54  Missile Turret  
  113  12:55  Marauder  
  112  13:10  Marauder x2, Marine x3  

Tags
 
Add a new tag
Caveats
  • Supply blocks, unpowered buildings, or Contaminate may cause inaccurate times.
  • Supply counts are checked every 10 seconds.